Map: Terrenos sagrados

Players

MrFercho - Winner!

  • Race: Zerg Zerg
  • Spawn Location: 6:00

tigro

  • Race: Terran Terran
  • Spawn Location: 12:00

VOD

Have the link to the VOD?

Description

Time

  • Played on: April 3, 2020, 8:39 p.m.
  • Length: 12:42
Show
View Real Time Build Order
Export as new Build Order

MrFercho Zerg - Winner!

Build Orders: Hatch First 

Get SALT Encoding   

  12  0:04  Drone  
  13  0:17  Overlord  
  13  0:20  Drone  
  14  0:36  Drone  
  15  0:45  Extractor  
  15  0:47  Drone  
  15  0:48  Drone  
  16  0:56  Drone  
  17  1:11  Hatchery  
  17  1:16  Drone  
  17  1:17  Drone  
  18  1:30  Spawning Pool  
  17  1:34  Drone x2  
  19  1:41  Extractor  
  18  1:55  Drone x2  
  20  2:13  Drone  
  21  2:26  Zergling x4  
  23  2:31  Metabolic Boost  
  23  2:43  Drone  
  23  2:44  Drone x2  
  26  2:49  Lair  
  26  2:54  Burrow  
  26  3:03  Zergling x4  
  26  3:05  Overlord x2  
  28  3:18  Overlord  
  28  3:32  Evolution Chamber  
  27  3:40  Roach Warren  
  26  3:47  Zergling x2  
  26  3:48  Zergling x10  
  32  3:59  Zerg Melee Weapons Level 1  
  32  4:09  Queen x2  
  32  4:13  Drone x3  
  39  4:45  Pneumatized Carapace  
  39  4:59  Infestation Pit  
  38  5:03  Hydralisk Den  
  37  5:09  Spire  
  37  5:13  Nydus Network  
  35  5:27  Hatchery  
  27  6:05  Hive  
  24  6:28  Zerg Melee Weapons Level 2  
  24  6:36  Overseer  
  24  6:52  Drone x5  
  24  6:53  Drone x3  
  32  7:09  Glial Reconstitution  
  32  7:14  Muscular Augments  
  32  7:51  Hydralisk x3  
  32  7:52  Hydralisk  
  32  7:53  Zergling x4  
  32  7:54  Zergling x4  
  32  7:55  Roach x3  
  32  7:56  Roach  
  52  8:11  Extractor  
  51  8:16  Extractor  
  50  8:20  Nydus Canal  
  50  8:25  Grooved Spines  
  51  8:34  Zergling x6  
  51  8:35  Zergling x8  
  51  8:37  Overlord x4  
  51  8:38  Overlord x4  
  57  9:27  Zergling x8  
  57  9:28  Zergling x2, Hydralisk x3  
  57  9:29  Hydralisk  
  63  9:57  Ravager x3  
  66  10:10  Zergling x2  
  66  10:11  Zergling x16  
  66  10:49  Roach x2  
  70  10:50  Roach  
  70  10:51  Zergling x6, Roach  
  70  10:52  Zergling x4  
Show
View Real Time Build Order
Export as new Build Order

tigro Terran 

Build Orders:  

Get SALT Encoding   

  12  0:03  SCV  
  13  0:17  Supply Depot  
  13  0:20  SCV  
  14  0:33  SCV  
  15  0:45  SCV  
  16  0:52  Barracks  
  16  0:57  SCV  
  16  1:00  Refinery  
  17  1:04  Refinery  
  17  1:09  SCV  
  18  1:18  Supply Depot  
  18  1:26  SCV  
  19  1:39  Marine  
  20  1:55  Barracks  
  20  1:57  Marine  
  21  2:09  Engineering Bay  
  21  2:15  Marine, Orbital Command  
  22  2:33  Marine  
  23  2:44  Barracks Tech Lab  
  23  2:50  Marine  
  24  3:01  Missile Turret  
  24  3:06  Combat Shield  
  24  3:22  Terran Infantry Weapons Level 1  
  24  3:24  Factory  
  24  3:32  Marauder  
  24  3:34  Barracks Tech Lab  
  26  3:48  Supply Depot  
  26  4:11  Factory  
  26  4:13  Factory Tech Lab  
  26  4:25  Stimpack  
  26  4:39  Missile Turret  
  26  4:50  Marauder  
  28  4:56  Marine  
  29  5:04  Factory Tech Lab  
  29  5:11  Marauder  
  29  5:14  Marine  
  32  5:16  Terran Infantry Armor Level 1  
  32  5:23  Armory  
  32  5:32  Missile Turret  
  20  5:47  Marine  
  9  5:57  Marine  
  10  6:05  Marine, Concussive Shells  
  11  6:15  Marine  
  12  6:22  Marine  
  13  6:28  SCV  
  14  6:33  Marine  
  15  6:40  Marine, SCV  
  17  6:51  Marine  
  18  6:58  Marine  
  19  7:08  Marine  
  19  7:14  SCV  
  21  7:31  Infernal Pre-Igniter  
  21  7:46  SCV  
  22  7:58  SCV  
  23  8:26  SCV  
  24  8:38  SCV  
  24  8:39  Siege Tank  
  28  8:50  Mag-Field Accelerator  
  28  8:51  SCV  
  29  9:03  SCV  
  30  9:15  SCV  
  31  9:23  Siege Tank  
  34  9:27  SCV  
  35  9:39  SCV  
  33  9:51  SCV  
  34  10:22  Command Center  
  11  10:43  Marine  
  4  11:36  Planetary Fortress  
  4  12:08  Supply Depot  
Tags
 
Matchup
TvZ
Replay Pack
MrFercho
Spawn Locations
Cross Positions
Add a new tag
Caveats
  • Supply blocks, unpowered buildings, or Contaminate may cause inaccurate times.
  • Supply counts are checked every 10 seconds.